 Dungeon Crawl Stone Soup version 0.31-a0-188-g5e087ee2ca (webtiles) character file.

Game seed: 10652371881138235030

102 qw the Shooter (level 4, -1/25 HPs)
             Began as a Deep Elf Hunter on June 23, 2023.
             Killed by nerve-wracking pain
             ... invoked by an orc priest
              (13 damage)
             ... on level 3 of the Dungeon.
             The game lasted 00:00:43 (1587 turns).

qw the Shooter (Deep Elf Hunter)                    Turns: 1587, Time: 00:00:44

Health: -1/25      AC:  6    Str: 14    XL:     4   Next: 50%
Magic:  6/6        EV: 10    Int: 14    God:
Gold:   69         SH:  0    Dex: 20    Spells: 3/3 levels left

rFire   . . .        Y - +0 shortbow
rCold   . . .        (shield currently unavailable)
rNeg    . . .        b - +0 scale mail
rPois   .            (no helmet)
rElec   .            (no cloak)
rCorr   .            (no gloves)
SInv    .            (no boots)
Will    .....        (no amulet)
Stlth   +            h - +6 ring of strength
HPRegen 0.24/turn    (no ring)
MPRegen 0.10/turn

%: no passive effects
@: no status effects
A: no striking features
a: no special abilities


You were on level 3 of the Dungeon.
You visited 1 branch of the dungeon, and saw 3 of its levels.

You collected 95 gold pieces.
You spent 26 gold pieces at shops.


   Skills:
 - Level 1.5 Fighting
 + Level 7.9 Ranged Weapons
 - Level 2.4 Dodging
 - Level 1.2 Stealth


You had 3 spell levels left.
You didn't know any spells.
Your spell library was empty.

Inventory:

Hand Weapons
 Y - a +0 shortbow (weapon)
Armour
 b - a +0 scale mail (worn)
Jewellery
 h - a +6 ring of strength (left hand)
Scrolls
 f - a scroll of identify
Potions
 c - a potion of mutation
 d - a potion of enlightenment {unknown}
 g - a potion of curing {unknown}

Dungeon Overview and Level Annotations

Branches:
Dungeon (3/15)

Altars:

Shops:
D:1 *(   D:2 (


Message History

You climb downwards.
There is a stone staircase leading up here.
An orc comes into view. It is wielding a +0 dagger.
The orc shouts!
You shoot an arrow. The arrow hits the orc.
The orc is heavily wounded.
An orc comes into view. It is wielding a +0 flail.
You shoot an arrow. The arrow hits the orc.
You kill the orc!
You shoot an arrow. The arrow hits the orc.
The orc is heavily wounded.
You shoot an arrow. The arrow hits the orc.
The orc is heavily wounded.
You shoot an arrow. The arrow completely misses the orc.
An orc priest comes into view. It is wielding a +0 flail.
An orc comes into view. It is wielding a +0 club.
You shoot an arrow. The orc shouts!
The orc priest shouts!
The arrow hits the orc.
You kill the orc!
You shoot an arrow. The arrow hits the orc.
The orc is heavily wounded.
You shoot an arrow.
The arrow hits the orc priest but does no damage.
You shoot an arrow.
The arrow hits the orc priest but does no damage.
The orc priest calls down the wrath of Beogh upon you.
Pain shoots through your body!
Ouch! That really hurt!
You shoot an arrow. The arrow hits the orc.
You kill the orc!
You shoot an arrow.
The arrow hits the orc priest but does no damage.
The orc priest hits you but does no damage.
You shoot an arrow.
The arrow hits the orc priest but does no damage.
The orc priest mumbles some strange prayers to Beogh against you.
Pain shoots through your body!
Ouch! That really hurt!
You die...

###.########
...........#
#....[<..#
#......%.#
#.#.......>#
............#
##.#####.####
#.#.....#
#......@#
#.#.###o.......
.. #).#####. #.
#[.# # .)..
...#. #..#.#
.... .


You could see an orc priest.

Vanquished Creatures
  An orc priest (D:3)
  A worm (D:2)
  A dart slug (D:2)
  7 orcs
  9 ball pythons
  5 bats
  3 endoplasms (D:1)
  2 giant cockroaches
  3 goblins
  10 hobgoblins
  3 jackals (D:2)
  A kobold (D:1)
  A quokka (D:2)
  6 frilled lizards
  A rat (D:3)
54 creatures vanquished.

Notes
Turn   | Place    | Note
-------+----------+-------------------------------------------
     0 | D:1      | qw the Deep Elf Hunter began the quest for the Orb.
     0 | D:1      | Reached XP level 1. HP: 12/12 MP: 3/3
     0 | D:1      | 0 ||| qw: Version: 0.3-a-9-g12657ce
     0 | D:1      | 0 ||| qw: Game counter: 3484
     0 | D:1      | 0 ||| qw: Always use a shield: true
     0 | D:1      | 0 ||| qw: God list: Okawaru
     0 | D:1      | 0 ||| qw: Allow faded altars: false
     0 | D:1      | 0 ||| qw: Do Orc after D:15 true
     0 | D:1      | 0 ||| qw: Do second Lair branch before Depths: true
     0 | D:1      | 0 ||| qw: Lair rune preference: random
     0 | D:1      | 0 ||| qw: Plans: Normal
     0 | D:1      | 0 ||| PLANNING D:1-11
    61 | D:1      | Reached XP level 2. HP: 16/16 MP: 4/4
    65 | D:1      | Reached skill level 6 in Ranged Weapons
   151 | D:1      | Found Odaikkyg's Antique Weapon Emporium.
   158 | D:1      | 158 ||| SHOPLISTING slimy sling (149 gold, have 10).
   201 | D:1      | 201 ||| READING scroll labelled ESUIRR OSEHI.
   217 | D:1      | 217 ||| DROPPING amulet of magic regeneration.
   218 | D:1      | 218 ||| READING scroll labelled SUAPOW TENIE.
   219 | D:1      | 219 ||| READING scroll labelled MYTENL IJ AMN.
   220 | D:1      | 220 ||| READING scroll labelled MAITEO BAEM.
   222 | D:1      | 222 ||| DROPPING scroll of butterflies.
   247 | D:1      | 247 ||| FLEEEEING.
   250 | D:1      | 250 ||| FLEEEEING.
   251 | D:1      | 251 ||| FLEEEEING.
   252 | D:1      | 252 ||| FLEEEEING.
   253 | D:1      | 253 ||| FLEEEEING.
   254 | D:1      | 254 ||| FLEEEEING.
   255 | D:1      | 255 ||| FLEEEEING.
   256 | D:1      | 256 ||| FLEEEEING.
   417 | D:1      | Found Kupon's General Store.
   429 | D:1      | 429 ||| SHOPLISTING 2 scrolls of identify (52 gold, have
                  | 47).
   429 | D:1      | 429 ||| BUYING scroll of identify (26 gold).
   429 | D:1      | Bought a scroll of identify for 26 gold pieces
   649 | D:1      | 649 ||| UPGRADING to +0 scale mail.
   659 | D:1      | 659 ||| DROPPING +0 leather armour.
   660 | D:1      | 660 ||| DROPPING ring of wizardry.
   661 | D:1      | 661 ||| UPGRADING to +6 ring of strength.
   662 | D:1      | 662 ||| READING scroll labelled VYLLOBL DAFOE.
   721 | D:2      | Found Ynatyt's Weapon Shop.
   737 | D:2      | 737 ||| Stepping ~*~*~tactically~*~*~ (outnumbered).
   740 | D:2      | Reached XP level 3. HP: 15/20 MP: 5/5
   983 | D:2      | Reached skill level 7 in Ranged Weapons
  1365 | D:2      | 1365 ||| READING 3 scrolls of identify.
  1365 | D:2      | 1365 ||| IDENTIFYING sedimented cyan potion
  1366 | D:2      | 1366 ||| READING 2 scrolls of identify.
  1366 | D:2      | 1366 ||| IDENTIFYING fuming clear potion
  1367 | D:2      | 1367 ||| DROPPING potion of lignification.
  1403 | D:3      | 1403 ||| FLEEEEING.
  1404 | D:3      | 1404 ||| FLEEEEING.
  1405 | D:3      | 1405 ||| FLEEEEING.
  1406 | D:3      | 1406 ||| STAIRDANCE
  1450 | D:2      | 1450 ||| READING scroll labelled BEKLEO ZYCOAS.
  1457 | D:3      | 1457 ||| STAIRDANCE
  1521 | D:3      | Reached XP level 4. HP: 25/25 MP: 6/6
  1522 | D:3      | 1522 ||| STAIRDANCE
  1587 | D:3      | Killed from afar by an orc priest

Levels and vault maps discovered:
D:1:      ncdulo_halloftheorcs, layout_basic, serial_shops,
          nicolae_shop_pleasant_corner_grove, shop, kennysheep_flooded_box,
          nicolae_the_louvre
D:2:      layout_loops_ring, serial_shops, shop
D:3:      layout_loops_cross, nemelex_diamond_rough_becter,
          mainiacjoe_overflow_boulevard, serial_shops,
          nicolae_shop_behind_doors, uniq_terence

Skill      XL: |  1  2  3 |
---------------+----------+-----
Ranged Weapons | 6 7 |  7.9
Fighting       | |  1.5
Dodging        | |  2.4
Stealth        | |  1.2

Action                     |  1- 3 |  4- 6 || total
---------------------------+-------+-------++-------
   Fire: Shortbow          |   132 |    16 ||   148
    Use: Scroll            |     8 |       ||     8
 Armour: Leather armour    |     2 |       ||     2
         Scale mail        |    10 |     1 ||    11
  Dodge: Dodged            |    43 |     3 ||    46

Table legend:
 A = Non-vault XP
 B = Vault XP
 C = Vault XP percentage of total XP
 D = Non-vault monster count
 E = Vault monster count
 F = Vault count percentage of total count
                 A         B        C        D         E       F
            +---------+---------+-------+---------+---------+-------
      Total |     147 |       0 |   0.0 |      54 |       0 |   0.0
            +---------+---------+-------+---------+---------+-------
        D:1 |      36 |       0 |   0.0 |      21 |       0 |   0.0
        D:2 |      53 |       0 |   0.0 |      26 |       0 |   0.0
        D:3 |      58 |       0 |   0.0 |       7 |       0 |   0.0
            +---------+---------+-------+---------+---------+-------
